 Dungeon Crawl Stone Soup version 0.28.0-45-g0d030f2227 (webtiles) character file.

Game seed: 3896349357961091921

432 Peloso the Slasher (level 6, 0/53 HPs)
             Began as a Minotaur Fighter on Apr 2, 2022.
             Engulfed by a steam dragon's steam (7 damage)
             ... on level 4 of the Dungeon.
             The game lasted 00:07:45 (4273 turns).

Peloso the Slasher (Minotaur Fighter)               Turns: 4273, Time: 00:07:45

Health: 0/53       AC: 12    Str: 21    XL:     6   Next: 67%
Magic:  5/5        EV:  7    Int:  5    God:
Gold:   145        SH:  5    Dex: 11    Spells: 5/5 levels left

rFire   . . .      SeeInvis .   a - +0 long sword
rCold   . . .      Faith    .   c - +0 buckler
rNeg    . . .      Spirit   .   g - +0 chain mail
rPois   .          Reflect  .   (helmet restricted)
rElec   .          Harm     .   (no cloak)
rCorr   .          Rampage  .   p - +0 pair of gloves
Will    +....                   i - +0 pair of boots
Stlth   ..........              (no amulet)
HPRegen 0.17/turn               e - ring of willpower
MPRegen 0.09/turn               l - ring of flight

@: flying
A: horns 2, retaliatory headbutt
a: no special abilities


You were on level 4 of the Dungeon.
You visited 1 branch of the dungeon, and saw 4 of its levels.
You also visited: Sewer.

You collected 145 gold pieces.

Inventory:

Hand Weapons
 a - a +0 long sword (weapon)
Armour
 b - a +0 scale mail
 c - a +0 buckler (worn)
 g - a +0 chain mail (worn)
 i - a +0 pair of boots (worn)
 p - a +0 pair of gloves (worn)
Jewellery
 e - a ring of willpower (left hand)
 l - a ring of flight (right hand)
 m - a ring of protection from fire
Scrolls
 n - a scroll of immolation
 o - a scroll of enchant weapon
 r - 5 scrolls of identify
 u - a scroll of fog {unknown}
Potions
 d - a potion of might
 f - a potion of attraction {unknown}
 h - 2 potions of curing
 j - a potion of berserk rage {unknown}
 k - a potion of heal wounds
 q - a potion of haste
 s - 7 potions of flight
 t - a potion of mutation


   Skills:
 + Level 4.7 Fighting
 + Level 5.9 Long Blades
 + Level 5.6 Armour
 + Level 1.2 Dodging
 + Level 0.2 Stealth
 + Level 4.6 Shields


You had 5 spell levels left.
You didn't know any spells.
Your spell library contained the following spells:

 Spells                   Type           Power      Damage    Failure   Level
 Portal Projectile        Hex/Tloc       0%         N/A       100%        3
 Blade Hands              Tmut           0%         N/A       100%        5
 Excruciating Wounds      Necr           0%         N/A       100%        5


Dungeon Overview and Level Annotations

Branches:
Dungeon (4/15)              Sewer (visited)
 Temple: D:4-7

Altars:
Ashenzari
Hepliaklqana
Qazlal
Trog
Uskayaw
Wu Jian


Innate Abilities, Weirdness & Mutations

You have a pair of horns on your head.
You reflexively headbutt those who attack you in melee.


Message History

You slash the bat!
You kill the bat!
Done exploring.
Done exploring.
Done exploring.
There is a gate leading back out of this place here.
Welcome back to the Dungeon!
There is a collapsed entrance here.
You see here a rat skeleton.
Found a stone staircase leading down.
There is a stone staircase leading up here.
Found a stone staircase leading down.
Found a scale mail.
The steam dragon breathes steam at you. The ball of steam hits you!
You're standing in a cloud of steam!
You're standing in a cloud of steam!
You are engulfed in a cloud of scalding steam.
You are engulfed in a cloud of scalding steam.
The steam dragon bites you. You block the steam dragon's attack.
There is a stone staircase leading down here.
You hit the steam dragon. You headbutt the steam dragon.
The steam dragon is moderately wounded.
You are engulfed in a cloud of scalding steam.
The steam dragon bites you but does no damage.
The steam dragon claws you but does no damage.
You closely miss the steam dragon.
The steam dragon is moderately wounded.
The steam dragon breathes steam at you. The ball of steam hits you!
You barely miss the steam dragon.
The steam dragon is moderately wounded.
You are engulfed in a cloud of scalding steam.
* * * LOW HITPOINT WARNING * * *
You block the steam dragon's attack.
The steam dragon claws you but does no damage.
You closely miss the steam dragon.
The steam dragon is moderately wounded.
You are engulfed in a cloud of scalding steam.
You die...

####.#### ..##
#.######.#.## ..#
#####.#....[......##.
#.......####.#.......
#.###.#.####.###...#.
#.###................
.....##.####.#.##.##.
#.##.##.####..... ##
#..D@ยงยง......#.#
####.#########.## #.#
#...# #.# #...#
###.## #...# ....#
#...# #
#..#######...###..
####..##.............
#.....<..............


You could see a steam dragon (catching breath).

Vanquished Creatures
  Edmund (D:4)
  An orc wizard (D:3)
  Natasha (thrice) (D:3)
  5 adders
  7 river rats
  4 worms
  3 dart slugs
  4 orcs (D:3)
  13 bats
  3 endoplasms
  6 giant cockroaches
  5 goblins
  5 hobgoblins
  6 jackals
  5 quokkas
  5 ball pythons
  7 frilled lizards
  6 kobolds
  10 rats
99 creatures vanquished.

Vanquished Creatures (others)
  5 plants
5 creatures vanquished.

Grand Total: 104 creatures vanquished

Notes
Turn   | Place    | Note
-------+----------+-------------------------------------------
     0 | D:1      | Peloso the Minotaur Fighter began the quest for the Orb.
     0 | D:1      | Reached XP level 1. HP: 19/19 MP: 0/0
   290 | D:1      | Reached XP level 2. HP: 26/27 MP: 1/1
   365 | D:1      | Found a faded altar of an unknown god.
  1053 | D:2      | Reached XP level 3. HP: 33/33 MP: 2/2
  2051 | D:3      | Found a hazy altar of Hepliaklqana.
  2202 | D:3      | Noticed Natasha
  2215 | D:3      | Killed Natasha
  2216 | D:3      | Reached XP level 4. HP: 31/40 MP: 3/3
  2364 | D:3      | Noticed Natasha
  2375 | D:3      | Killed Natasha
  2376 | D:3      | Reached XP level 5. HP: 45/47 MP: 4/4
  2789 | D:3      | Found an ornate altar of the Wu Jian Council.
  2789 | D:3      | Found a bloodstained altar of Trog.
  2797 | D:3      | Found a hide-covered altar of Uskayaw.
  2799 | D:3      | Found a broken altar of Ashenzari.
  2800 | D:3      | Found a stormy altar of Qazlal.
  2845 | D:3      | Noticed Natasha
  2853 | D:3      | Killed Natasha
  2854 | D:3      | Reached skill level 5 in Armour
  2999 | D:4      | Noticed a steam dragon
  3172 | D:4      | Noticed Edmund
  3190 | D:4      | Killed Edmund
  3191 | D:4      | Reached skill level 5 in Long Blades
  3191 | D:4      | Reached XP level 6. HP: 16/53 MP: 5/5
  3283 | D:4      | Found a glowing drain.
  3287 | Sewer    | Entered a sewer
  3907 | Sewer    | Reached skill level 1 in Dodging
  4273 | D:4      | Engulfed by a steam dragon's steam

Illustrated notes

Levels and vault maps discovered:
D:1:      dpeg_arrival_rhombus, layout_loops_corners,
          chequers_ecumenical_altar_simple, minmay_misc_feat_five,
          minmay_misc_feat_doors, minmay_tromino_mix6
D:2:      wad_lake_hut, layout_basic
D:3:      layout_loops_ring, mainiacjoe_overflow_small_starburst,
          chequers_temple_overflow_minitemple, serial_bayou_crossing,
          uniq_natasha
D:4:      minmay_clustersquares, layout_loops_cross, gup_sewer_entry_spiral,
          uniq_edmund

Skill      XL: |  1  2  3  4  5  6 |
---------------+-------------------+-----
Armour         | 4 5 |  5.6
Shields        | 4 |  4.6
Fighting       | 4 |  4.7
Long Blades    | 3 4 5 |  5.9
Dodging        | 1 |  1.2
Stealth        | |  0.2

Action                   |  1- 3 |  4- 6 || total
-------------------------+-------+-------++-------
Melee: Long sword        |    89 |   167 ||   256
       Headbutt          |    21 |    23 ||    44
  Use: Potion            |     2 |       ||     2
       Scroll            |       |     5 ||     5
Armor: Chain mail        |    37 |   101 ||   138
       Scale mail        |     1 |       ||     1
Dodge: Dodged            |    31 |    64 ||    95
Block: Buckler           |    19 |    41 ||    60
